 Dungeon Crawl Stone Soup version 0.17-a0-1738-g82cdc46 (webtiles) character file.

1332 TruthSerum the Basher (level 8, 0/89 HPs)
             Began as an Ogre Berserker on Aug 30, 2015.
             Was a Priest of Trog.
             Slain by an orc warrior
             ... wielding a +0 scimitar
              (14 damage)
             ... on level 6 of the Dungeon.
             The game lasted 00:21:28 (4211 turns).

TruthSerum the Basher (Ogre Berserker)              Turns: 4211, Time: 00:21:28

Health: 0/89       AC:  5    Str: 28    XL:     8   Next: 61%
Magic:  8/8        EV: 10    Int:  8    God:    Trog [***...]
Gold:   264        SH:  0    Dex:  9    Spells: 0 memorised, 7 levels left

rFire  . . .     SeeInvis +     A - -2 giant spiked club (curse)
rCold  . . .     Clarity  .     F - +2 robe
rNeg   . . .     SustAt   .     (no shield)
rPois  .         Gourm    .     v - +0 hat
rElec  .         Spirit   .     (no cloak)
rCorr  .         Warding  .     (gloves unavailable)
rMut   .         Stasis   .     (boots unavailable)
MR     .....                    (no amulet)
Stlth  ..........               u - ring of loudness (curse)
                                n - ring of see invisible

@: mighty, not resistant to hostile enchantments, extremely unstealthy
A: unfitting armour, tough skin 1
a: Burn Spellbooks, Berserk, Trog's Hand, Renounce Religion


You were on level 6 of the Dungeon.
You worshipped Trog.
Trog was most pleased with you.
You were not hungry.

You visited 1 branch of the dungeon, and saw 6 of its levels.

You collected 264 gold pieces.

Inventory:

Hand weapons
 y - a +0 giant club
 A - a cursed -2 giant spiked club (weapon)
Missiles
 j - 199 stones
 s - 6 needles of slowing
 C - 2 large rocks (quivered)
Armour
 v - a +0 hat (worn)
 B - a +2 shield of reflection
 F - a +2 robe (worn)
Jewellery
 b - an uncursed ring of teleportation
 n - a ring of see invisible (left hand)
 u - a cursed ring of loudness (right hand)
Magical devices
 a - a wand of lightning (6)
 p - a wand of lightning (8)
 z - a wand of polymorph (9)
Scrolls
 f - 2 scrolls of recharging {unknown}
 h - a scroll of remove curse
 k - 2 scrolls of noise {unknown}
 l - a scroll of teleportation {unknown}
 o - a scroll of enchant armour {unknown}
 t - a scroll of amnesia {unknown}
 x - a scroll of random uselessness {unknown}
Potions
 d - 3 potions of curing
 e - a potion of heal wounds {unknown}
 m - a potion of might
 w - a potion of haste {unknown}
 D - a potion of mutation {unknown}
Comestibles
 c - 5 bread rations
 g - 2 meat rations
 q - 2 beef jerkies
 r - 2 slices of pizza
 E - 2 chunks of flesh


   Skills:
 + Level 8.6 Fighting
 + Level 8.8 Maces & Flails
 + Level 6.2 Throwing
 - Level 2.6 Dodging


You had 7 spell levels left.
You didn't know any spells.

Dungeon Overview and Level Annotations

Branches:
Dungeon (6/15)
 Temple: D:4-7

Altars:
Ashenzari
Cheibriados
Dithmenos
Elyvilon
Makhleb
Nemelex Xobeh
Qazlal
Yredelemnul
The Shining One


Innate Abilities, Weirdness & Mutations

You are too large for most types of armour.
You have tough skin (AC +1).


Message History

a falchion; a coppery potion; an orc corpse You closely miss the orc priest.
The orc shouts!
The orc priest misses you.
The orc moves out of view.
An orc priest comes into view. It is wielding a hand axe.
You thump the orc priest!
You kill the orc priest!
Trog accepts your kill.
The orc priest miscasts a cantrip.
The orc priest moves out of view.
The orc priest looks braver for a moment.
You barely miss the orc warrior.
The orc warrior hits you with a scimitar!
* * * LOW HITPOINT WARNING * * *
The orc hits you with a war axe.
* * * LOW HITPOINT WARNING * * *
You are too injured to fight recklessly!
You feel very mighty all of a sudden.
The orc warrior hits you with a scimitar!
You die...

#...#
##..##..#8
.. #..##
##.....#. o
#..#
##..#.# #.
#..# ##...#
#. #..#
##..# #..
#..# ##.#
#..##..#
#.##
.###.oo#o.#
#...
.......)o@#
##..
..........#
#..
#.........#
#..
....##....#
### ...
##..## ..
#..# . #..#
#..#


You could see an orc warrior, 2 orc priests and an orc.

Vanquished Creatures
  Pikel (D:6)
  A slave (D:6)
  2 ogres (D:5)
  A sky beast (D:6)
  2 scorpions
  4 killer bees (D:5)
  2 hounds
  An orc wizard (D:5)
  An iguana (D:5)
  An orc priest (D:6)
  2 worker ants (D:4)
  4 adders
  2 oozes
  2 worms
  3 adder skeletons (D:4)
  8 orcs
  9 giant cockroaches
  6 hobgoblins
  10 jackals
  2 quokkas
  A ball python (D:1)
  5 bats (D:1)
  3 giant geckos
  5 giant newts
  5 goblins
  A jackal skeleton (D:5)
  8 kobolds
  A quokka skeleton (D:6)
  37 rats
130 creatures vanquished.

Vanquished Creatures (others)
  A giant frog skeleton (D:6)
  A worker ant (D:5)
  A giant gecko skeleton (D:6)
3 creatures vanquished.

Grand Total: 133 creatures vanquished

Notes
Turn   | Place    | Note
--------------------------------------------------------------
     0 | D:1      | TruthSerum the Ogre Berserker began the quest for the Orb.
     0 | D:1      | Reached XP level 1. HP: 24/24 MP: 1/1
    57 | D:1      | Reached skill level 1 in Throwing
   106 | D:1      | Reached XP level 2. HP: 24/32 MP: 2/2
   531 | D:1      | Reached XP level 3. HP: 33/40 MP: 3/3
   532 | D:1      | Acquired Trog's second power
  1494 | D:3      | Found a sparkling altar of Nemelex Xobeh.
  1494 | D:3      | Found a burning altar of Makhleb.
  1569 | D:3      | Reached XP level 4. HP: 49/49 MP: 4/4
  1792 | D:3      | Reached skill level 5 in Fighting
  1947 | D:3      | Reached skill level 5 in Maces & Flails
  2107 | D:4      | Reached XP level 5. HP: 44/57 MP: 5/5
  2185 | D:4      | Received a gift from Trog
  2715 | D:4      | Reached skill level 6 in Maces & Flails
  2715 | D:4      | Reached XP level 6. HP: 54/67 MP: 6/6
  2858 | D:5      | Entered Level 5 of the Dungeon
  3058 | D:5      | Reached XP level 7. HP: 76/76 MP: 7/7
  3187 | D:5      | Reached skill level 7 in Maces & Flails
  3524 | D:5      | Found a stormy altar of Qazlal.
  3553 | D:5      | Reached skill level 5 in Throwing
  3843 | D:5      | Found a snail-covered altar of Cheibriados.
  4035 | D:6      | Reached XP level 8. HP: 87/87 MP: 8/8
  4044 | D:6      | Noticed Pikel
  4059 | D:6      | Killed Pikel
  4059 | D:6      | Reached skill level 8 in Fighting
  4131 | D:6      | Found a basalt altar of Yredelemnul.
  4133 | D:6      | Found a shattered altar of Ashenzari.
  4133 | D:6      | Found a shadowy altar of Dithmenos.
  4133 | D:6      | Found a glowing golden altar of the Shining One.
  4134 | D:6      | Found a white marble altar of Elyvilon.
  4211 | D:6      | Slain by an orc warrior

Vault maps used:
D:1:      lightli_arrival_statuegarden, minmay_misc_feat_enclosed,
          grunt_decor_cap
D:3:      gammafunk_temple_overflow_elements, minmay_rats_cheesy_pizza
D:4:      first_bread
D:5:      cheibrodos_worm_habitat, grunt_qazlal_clouds
D:6:      grunt_temple_overflow_open, lemuel_statue_altar, uniq_duvessa,
          uniq_pikel, uniq_grinder

Action                   |  1- 3 |  4- 6 |  7- 9 || total
-------------------------+-------+-------+-------++-------
Melee: Mace              |   144 |   168 |    14 ||   326
       Giant spiked club |       |       |    48 ||    48
       Giant club        |       |       |     5 ||     5
Throw: Stone             |     3 |    73 |    16 ||    92
Invok: Berserk           |       |     2 |     1 ||     3
  Use: Scroll            |       |     1 |     2 ||     3
       Potion            |       |       |     1 ||     1
  Eat: Chunk             |     2 |     6 |     6 ||    14
